TOP OF THE 1ST |
Birmingham Barons batting - Pitching for Indiana Hounds : LHP Roberto Barrón
|
Pitching: LHP Roberto Barrón
|
|
Batting: LHB Alberto Santos
|
0-0: Called Strike 0-1: Ball 1-1: Ball 2-1: Ball 3-1: Foul Ball, location: 2F 3-2: Foul Ball, location: 2F 3-2: Reached on error, E3 (Groundball, 34)
|
Batting: LHB John Haney
|
0-0: Ball 1-0: Foul Ball, location: 2F 1-1: Fly out, F9 (Line Drive, 9)
|
Batting: RHB Juan Jiménez
|
0-0: Ball 1-0: Ball 2-0: Ball 3-0: Base on Balls Alberto Santos to second
|
Batting: LHB José Rivera
|
0-0: Called Strike 0-1: Ball 1-1: Swinging Strike 1-2: Foul Ball, location: 2F 1-2: Strikes out swinging
|
Batting: RHB Bryant von Bohlen
|
0-0: Called Strike 0-1: Foul Ball, location: 2F 0-2: Ball 1-2: SINGLE (Groundball, 6MD) Alberto Santos to third Juan Jiménez to second Runner from 3rd tries for Home, SAFE, no throw
|
Batting: RHB Warren Martin
|
0-0: Ball 1-0: Ball 2-0: Ball 3-0: Called Strike 3-1: Base on Balls Juan Jiménez to third Bryant von Bohlen to second
|
Batting: LHB Curt Walker
|
0-0: Ball 1-0: Ball 2-0: Foul Ball, location: 2F 2-1: Reached via error on a dropped throw, E3 Juan Jiménez scores Bryant von Bohlen to third Warren Martin to second
|
Batting: RHB Jean-Paul St-Pierre
|
0-0: Ball 1-0: GRAND SLAM HOME RUN (Flyball, 7D), Distance : 353 ft
|
Batting: RHB Carlos Vásquez
|
0-0: Foul Ball, location: 2F 0-1: Ball 1-1: Ball 2-1: SINGLE (Line Drive, 89S)
|
Batting: LHB Alberto Santos
|
0-0: SINGLE (Groundball, 56S) (infield hit) Carlos Vásquez to second
|
Batting: LHB John Haney
|
0-0: Ball 1-0: Called Strike 1-1: Ball 2-1: Ball 3-1: Fielders Choice at 2nd, 4-6 (Groundball, 4)
|
Top of the 1st over - 6 run(s), 4 hit(s), 2 error(s), 1 left on base; Birmingham 6 - Indiana 0 |
BOTTOM OF THE 1ST |
Indiana Hounds batting - Pitching for Birmingham Barons : LHP Richard Simpson
|
Pitching: LHP Richard Simpson
|
|
Batting: RHB Francisco Tañón
|
0-0: Foul Ball, location: 2F 0-1: Foul Ball, location: 2F 0-2: Ball 1-2: Ball 2-2: Foul Ball, location: 2F 2-2: Ball 3-2: Foul Ball, location: 2F 3-2: SINGLE (Groundball, 56D)
|
Batting: SHB Dave MacThomas
|
0-0: Ball 1-0: Foul Ball, location: 2F 1-1: Ball 2-1: Called Strike Throwing error on steal attempt, E2 Francisco Tañón to third 2-2: Foul Ball, location: 2F 2-2: Foul Ball, location: 2F 2-2: Foul Ball, location: 2F 2-2: Foul Ball, location: 2F 2-2: Fly out, F8 (Flyball, 8RD) Runner from 3rd tags up, SCORES, no throw
|
Batting: LHB Jim Clemente
|
0-0: Called Strike 0-1: Swinging Strike 0-2: Fly out, F8 (Line Drive, 8LD)
|
Batting: LHB John Cotton
|
0-0: Called Strike 0-1: Ball 1-1: Called Strike 1-2: Ball 2-2: Strikes out swinging
|
Bottom of the 1st over - 1 run(s), 1 hit(s), 1 error(s), 0 left on base; Birmingham 6 - Indiana 1 |
TOP OF THE 2ND |
Birmingham Barons batting - Pitching for Indiana Hounds : LHP Roberto Barrón
|
Batting: RHB Juan Jiménez
|
0-0: Ball 1-0: Ball 2-0: Ball 3-0: Fly out, F9 (Flyball, 89D)
|
Batting: LHB José Rivera
|
0-0: Called Strike 0-1: Ground out U3 (Groundball, 34)
|
Batting: RHB Bryant von Bohlen
|
0-0: Ball 1-0: DOUBLE (Line Drive, 8RXD)
|
Batting: RHB Warren Martin
|
0-0: Swinging Strike 0-1: Called Strike 0-2: Strikes out looking
|
Top of the 2nd over - 0 run(s), 1 hit(s), 0 error(s), 1 left on base; Birmingham 6 - Indiana 1 |
BOTTOM OF THE 2ND |
Indiana Hounds batting - Pitching for Birmingham Barons : LHP Richard Simpson
|
Batting: RHB Danny Walker
|
0-0: Fly out, F9 (Flyball, 9)
|
Batting: LHB Manny Hernández
|
0-0: Ball 1-0: Ball 2-0: Called Strike 2-1: Swinging Strike 2-2: SINGLE (Groundball, 6D)
|
Batting: LHB Denny Poole
|
0-0: Ball 1-0: SINGLE (Groundball, 34D) Manny Hernández to second Throwing error, E9 Manny Hernández scores Denny Poole to second
|
Batting: RHB Bob Lazzeri
|
0-0: Called Strike 0-1: Ball 1-1: Called Strike 1-2: Ball 2-2: Ground out 4-3 (Groundball, 34) Denny Poole to third
|
Pitching: RHP Jim Baker
|
|
Batting: RHB Octávio Marín
|
0-0: Ball 1-0: Ball 2-0: Ball 3-0: Base on Balls
|
Batting: RHB Francisco Tañón
|
0-0: Foul Ball, location: 2F 0-1: Foul Ball, location: 2F 0-2: Ball 1-2: Foul Ball, location: 2F 1-2: Ball 2-2: Foul Ball, location: 2F 2-2: Foul Ball, location: 2F 2-2: Fielders Choice at 2nd, 6-4 (Groundball, 56)
|
Bottom of the 2nd over - 1 run(s), 2 hit(s), 1 error(s), 1 left on base; Birmingham 6 - Indiana 2 |
TOP OF THE 3RD |
Birmingham Barons batting - Pitching for Indiana Hounds : LHP Roberto Barrón
|
Batting: LHB Curt Walker
|
0-0: Ball 1-0: Swinging Strike 1-1: Ball 2-1: Fly out, F7 (Flyball, 7LS)
|
Batting: RHB Jean-Paul St-Pierre
|
0-0: Ball 1-0: Swinging Strike 1-1: Ball 2-1: Ball 3-1: Called Strike 3-2: Foul Ball, location: 2F 3-2: Strikes out swinging
|
Batting: RHB Carlos Vásquez
|
0-0: Foul Ball, location: 2F 0-1: Ball 1-1: Foul Ball, location: 2F 1-2: Foul Ball, location: 2F 1-2: Strikes out looking
|
Top of the 3rd over - 0 run(s), 0 hit(s), 0 error(s), 0 left on base; Birmingham 6 - Indiana 2 |
BOTTOM OF THE 3RD |
Indiana Hounds batting - Pitching for Birmingham Barons : RHP Jim Baker
|
Batting: SHB Dave MacThomas
|
0-0: Ball 1-0: Ball 2-0: Ball 3-0: Called Strike 3-1: Called Strike 3-2: Base on Balls
|
Batting: LHB Jim Clemente
|
0-0: Swinging Strike 0-1: Called Strike 0-2: Fielders Choice at 2nd, 5-4 (Groundball, 5)
|
Batting: LHB John Cotton
|
0-0: Ball Jim Clemente is caught stealing 2nd base 1-0: Fly out, F8 (Flyball, 89M)
|
Bottom of the 3rd over - 0 run(s), 0 hit(s), 0 error(s), 0 left on base; Birmingham 6 - Indiana 2 |
TOP OF THE 4TH |
Birmingham Barons batting - Pitching for Indiana Hounds : LHP Roberto Barrón
|
Batting: LHB Alberto Santos
|
0-0: Called Strike 0-1: Ball 1-1: Called Strike 1-2: Ball 2-2: Fly out, F9 (Line Drive, 9LM)
|
Batting: LHB John Haney
|
0-0: Called Strike 0-1: Foul Ball, location: 2F 0-2: Ball 1-2: Ground out 6-3 (Groundball, 6)
|
Batting: RHB Juan Jiménez
|
0-0: Ball 1-0: Fly out, F9 (Flyball, 9LM)
|
Top of the 4th over - 0 run(s), 0 hit(s), 0 error(s), 0 left on base; Birmingham 6 - Indiana 2 |
BOTTOM OF THE 4TH |
Indiana Hounds batting - Pitching for Birmingham Barons : RHP Jim Baker
|
Batting: RHB Danny Walker
|
0-0: Ball 1-0: Ball 2-0: Foul Ball, location: 2F 2-1: Ball 3-1: Called Strike 3-2: Foul Ball, location: 2F 3-2: Base on Balls
|
Batting: LHB Manny Hernández
|
0-0: Called Strike 0-1: Ball 1-1: Ball 2-1: Ball 3-1: Base on Balls Danny Walker to second
|
Batting: LHB Denny Poole
|
0-0: Ball 1-0: Called Strike 1-1: Swinging Strike 1-2: Foul Ball, location: 2F 1-2: Ball Wild Pitch! Danny Walker to third Manny Hernández to second 2-2: Strikes out swinging
|
Batting: RHB Bob Lazzeri
|
0-0: Called Strike 0-1: Foul Ball, location: 2F 0-2: Ball 1-2: Foul Ball, location: 2F 1-2: Fly out, F8 (Flyball, 8RM) Runner from 3rd tags up, SCORES, throw made
|
Pitching: RHP Michel Dallaire
|
|
Batting: RHB Octávio Marín
|
0-0: Foul Ball, location: 2F 0-1: Swinging Strike 0-2: Strikes out looking
|
Bottom of the 4th over - 1 run(s), 0 hit(s), 0 error(s), 1 left on base; Birmingham 6 - Indiana 3 |
TOP OF THE 5TH |
Birmingham Barons batting - Pitching for Indiana Hounds : LHP Roberto Barrón
|
Pitching: LHP Tatsui Tanaka
|
|
Batting: LHB José Rivera
|
0-0: Fly out, F9 (Flyball, 89D)
|
Batting: RHB Bryant von Bohlen
|
0-0: Fly out, F9 (Flyball, 9S)
|
Batting: RHB Warren Martin
|
0-0: Called Strike 0-1: Ball 1-1: Foul Ball, location: 2F 1-2: Ball 2-2: Ball 3-2: Base on Balls
|
Batting: LHB Curt Walker
|
0-0: Called Strike 0-1: Called Strike 0-2: Strikes out swinging
|
Top of the 5th over - 0 run(s), 0 hit(s), 0 error(s), 1 left on base; Birmingham 6 - Indiana 3 |
BOTTOM OF THE 5TH |
Indiana Hounds batting - Pitching for Birmingham Barons : RHP Michel Dallaire
|
Batting: RHB Francisco Tañón
|
0-0: Foul Ball, location: 2F 0-1: Ball 1-1: Ball 2-1: Ball 3-1: Foul Ball, location: 2F 3-2: SINGLE (Line Drive, 89S)
|
Batting: SHB Dave MacThomas
|
0-0: Ball 1-0: Ball 2-0: Ball 3-0: Called Strike 3-1: Swinging Strike 3-2: Foul Ball, location: 2F 3-2: Base on Balls Francisco Tañón to second
|
Batting: LHB Jim Clemente
|
0-0: Ball 1-0: Foul Ball, location: 2F 1-1: Ball 2-1: Ball 3-1: Base on Balls Francisco Tañón to third Dave MacThomas to second
|
Batting: LHB John Cotton
|
0-0: Ball 1-0: Fielders Choice at 2nd, 3-6 (Groundball, 3) Francisco Tañón scores Dave MacThomas to third
|
Pitching: RHP Steven Browne
|
|
Batting: RHB Danny Walker
|
0-0: Ball 1-0: Called Strike 1-1: Ball John Cotton steals 2nd base 2-1: Ball 3-1: Foul Ball, location: 2F 3-2: Fly out, F8 (Flyball, 8RXD) Runner from 3rd tags up, SCORES, no throw
|
Batting: LHB Manny Hernández
|
0-0: Ball 1-0: Ball 2-0: Ball 3-0: Base on Balls
|
Batting: LHB Denny Poole
|
0-0: Ball 1-0: Ball 2-0: Fly out, F9 (Flyball, 9LS)
|
Bottom of the 5th over - 2 run(s), 1 hit(s), 0 error(s), 2 left on base; Birmingham 6 - Indiana 5 |
TOP OF THE 6TH |
Birmingham Barons batting - Pitching for Indiana Hounds : LHP Tatsui Tanaka
|
Batting: RHB Jean-Paul St-Pierre
|
0-0: Ball 1-0: Ball 2-0: Ball 3-0: Base on Balls
|
Batting: RHB Carlos Vásquez
|
0-0: Ball 1-0: Foul Ball, location: 2F 1-1: Swinging Strike 1-2: Foul Ball, location: 2F 1-2: Foul Ball, location: 2F 1-2: Strikes out swinging
|
Batting: LHB Alberto Santos
|
0-0: Ball 1-0: Ball 2-0: Foul Ball, location: 2F 2-1: Foul Ball, location: 2F 2-2: Ball Jean-Paul St-Pierre is caught stealing 2nd base 3-2: Foul Ball, location: 2F 3-2: Foul Ball, location: 2F 3-2: Strikes out swinging
|
Top of the 6th over - 0 run(s), 0 hit(s), 0 error(s), 0 left on base; Birmingham 6 - Indiana 5 |
BOTTOM OF THE 6TH |
Indiana Hounds batting - Pitching for Birmingham Barons : RHP Steven Browne
|
Batting: RHB Bob Lazzeri
|
0-0: Foul Ball, location: 2F 0-1: Ball 1-1: SINGLE (Groundball, 4MD)
|
Pitching: RHP Ken Lyons
|
|
Batting: RHB Octávio Marín
|
0-0: Foul Ball, location: 2F 0-1: Ball 1-1: Called Strike 1-2: Strikes out swinging
|
Batting: RHB Francisco Tañón
|
0-0: Ball 1-0: Swinging Strike 1-1: Foul Ball, location: 2F 1-2: Strikes out swinging
|
Batting: SHB Dave MacThomas
|
0-0: Fly out, F8 (Flyball, 8RS)
|
Bottom of the 6th over - 0 run(s), 1 hit(s), 0 error(s), 1 left on base; Birmingham 6 - Indiana 5 |
TOP OF THE 7TH |
Birmingham Barons batting - Pitching for Indiana Hounds : LHP Tatsui Tanaka
|
Batting: LHB John Haney
|
0-0: Ball 1-0: Ball 2-0: Called Strike 2-1: Called Strike 2-2: Strikes out swinging
|
Batting: RHB Juan Jiménez
|
0-0: Ball 1-0: Ball 2-0: Called Strike 2-1: Foul Ball, location: 2F 2-2: Strikes out swinging
|
Batting: LHB José Rivera
|
0-0: Ball 1-0: Foul Ball, location: 2F 1-1: Foul Ball, location: 2F 1-2: Foul Ball, location: 2F 1-2: Fly out, F9 (Flyball, 9S)
|
Top of the 7th over - 0 run(s), 0 hit(s), 0 error(s), 0 left on base; Birmingham 6 - Indiana 5 |
BOTTOM OF THE 7TH |
Indiana Hounds batting - Pitching for Birmingham Barons : RHP Ken Lyons
|
Batting: LHB Jim Clemente
|
0-0: Swinging Strike 0-1: Foul Ball, location: 2F 0-2: Ball 1-2: DOUBLE (Line Drive, 78M)
|
Pinch Hitting: LHB Junior Coates
|
0-0: Swinging Strike 0-1: Ball 1-1: Ground out 4-3 (Groundball, 4) Jim Clemente to third
|
Pinch Hitting: RHB Anthony Rucker
|
0-0: Ball 1-0: Ball 2-0: Ball 3-0: Base on Balls
|
Batting: LHB Manny Hernández
|
0-0: Called Strike 0-1: Ball Throwing error on steal attempt, E2 Jim Clemente scores Anthony Rucker to third 1-1: Ground out U3 (Groundball, 3L)
|
Batting: LHB Denny Poole
|
0-0: Called Strike 0-1: Ball 1-1: Called Strike 1-2: Strikes out swinging
|
Bottom of the 7th over - 1 run(s), 1 hit(s), 1 error(s), 1 left on base; Birmingham 6 - Indiana 6 |
TOP OF THE 8TH |
Birmingham Barons batting - Pitching for Indiana Hounds : LHP Tatsui Tanaka
|
Now at 2B: Anthony Rucker
|
|
Now at 3B: Junior Coates
|
|
Batting: RHB Bryant von Bohlen
|
0-0: Ball 1-0: Ball 2-0: Foul Ball, location: 2F 2-1: Foul Ball, location: 2F 2-2: SINGLE (Line Drive, 78S)
|
Batting: RHB Warren Martin
|
0-0: Ball 1-0: Bunted foul 1-1: Sac Bunt - play at first, batter OUT! U3 Bryant von Bohlen to second
|
Pinch Hitting: RHB Dave Dawson
|
0-0: Ball 1-0: Ball 2-0: SINGLE (Flyball, 89S) Bryant von Bohlen to third Runner from 3rd tries for Home, SAFE, throw made home Dave Dawson to second
|
Pinch Hitting: RHB Yujiro Kurihara
|
0-0: Intentional Walk
|
Pinch Hitting: RHB Vicente Carona
|
0-0: Ball 1-0: Called Strike 1-1: Swinging Strike 1-2: Ball 2-2: Ball 3-2: Base on Balls Dave Dawson to third Yujiro Kurihara to second
|
Pinch Hitting: RHB Pete Smith
|
0-0: Called Strike 0-1: Ball 1-1: Foul Ball, location: 2F 1-2: Ball 2-2: Foul Ball, location: 2F 2-2: Fly out, F8 (Flyball, 8RM) Runner from 3rd tags up, SCORES, throw made
|
Pitching: RHP Enrique Gómez
|
|
Batting: LHB John Haney
|
0-0: Ball 1-0: Called Strike 1-1: Ball 2-1: Fielders Choice at 2nd, 4-6 (Groundball, 4)
|
Top of the 8th over - 2 run(s), 2 hit(s), 0 error(s), 1 left on base; Birmingham 8 - Indiana 6 |
BOTTOM OF THE 8TH |
Indiana Hounds batting - Pitching for Birmingham Barons : RHP Ken Lyons
|
Now at 1B: Yujiro Kurihara
|
|
Now at 2B: Dave Dawson
|
|
Now at SS: Rusty Downy
|
|
Now in RF: Pete Smith
|
|
Batting: RHB Bob Lazzeri
|
0-0: Ball 1-0: Ball 2-0: Called Strike 2-1: Ball 3-1: Swinging Strike 3-2: Fly out, F9 (Line Drive, 89M)
|
Batting: RHB Octávio Marín
|
0-0: Ground out 4-3 (Groundball, 4MS)
|
Batting: RHB Francisco Tañón
|
0-0: Ball 1-0: Ball 2-0: Foul Ball, location: 2F 2-1: Foul Ball, location: 2F 2-2: Foul Ball, location: 2F 2-2: Ground out 5-3 (Groundball, 56)
|
Bottom of the 8th over - 0 run(s), 0 hit(s), 0 error(s), 0 left on base; Birmingham 8 - Indiana 6 |
TOP OF THE 9TH |
Birmingham Barons batting - Pitching for Indiana Hounds : RHP Enrique Gómez
|
Batting: RHB Juan Jiménez
|
0-0: Ball 1-0: Swinging Strike 1-1: Foul Ball, location: 2F 1-2: Foul Ball, location: 2F 1-2: Ball 2-2: Ball 3-2: Base on Balls
|
Batting: LHB José Rivera
|
0-0: Ground out 4-3 (Groundball, 34) Juan Jiménez to second
|
Batting: RHB Bryant von Bohlen
|
0-0: Foul Ball, location: 2F 0-1: Fly out, F8 (Flyball, 8LM)
|
Batting: RHB Warren Martin
|
0-0: Ball 1-0: Ball 2-0: Foul Ball, location: 2F 2-1: Foul Ball, location: 2F 2-2: Ball 3-2: Foul Ball, location: 2F 3-2: Base on Balls
|
Pitching: LHP Edwin King
|
|
Batting: RHB Dave Dawson
|
0-0: Called Strike 0-1: Swinging Strike 0-2: Ball 1-2: Strikes out swinging
|
Top of the 9th over - 0 run(s), 0 hit(s), 0 error(s), 2 left on base; Birmingham 8 - Indiana 6 |
BOTTOM OF THE 9TH |
Indiana Hounds batting - Pitching for Birmingham Barons : RHP Ken Lyons
|
Batting: SHB Dave MacThomas
|
0-0: Ball 1-0: SINGLE (Line Drive, 34D)
|
Batting: LHB Jim Clemente
|
0-0: Ball 1-0: Called Strike 1-1: Grounds into double play, 3-6-3 (Groundball, 3)
|
Batting: LHB Junior Coates
|
0-0: Foul Ball, location: 2F 0-1: Foul Ball, location: 2F 0-2: Foul Ball, location: 2F 0-2: Fly out, F7 (Flyball, 7S)
|
Bottom of the 9th over - 0 run(s), 1 hit(s), 0 error(s), 0 left on base; Birmingham 8 - Indiana 6 |
|